 Dungeon Crawl Stone Soup version 0.30.0-11-gf55b779eaf (webtiles) character file.

Game seed: 7992460617656811110

1711 GigaChad the Covered (level 8, -2/71 HPs)
             Began as an Armataur Fighter on May 17, 2023.
             Was an Elder of the Shining One.
             Slain by a large slime creature (16 damage)
             ... on level 6 of the Dungeon.
             The game lasted 00:06:53 (4710 turns).

GigaChad the Covered (Armataur Fighter)             Turns: 4710, Time: 00:06:54

Health: -2/71      AC: 11    Str: 24    XL:     8   Next: 74%
Magic:  9/9        EV:  6    Int:  9    God:    the Shining One [****..]
Gold:   275        SH: 10    Dex:  9    Spells: 7/7 levels left

rFire   . . .        a - +3 war axe (heavy)
rCold   . . .        x - +2 kite shield
rNeg    + + .        b - +0 scale mail
rPois   .            m - +2 helmet
rElec   .            (no cloak)
rCorr   .            (no gloves)
SInv    .            (no barding)
Will    .....        (no amulet) Stlth
                     (no ring)
HPRegen 0.31/turn    (no ring)
MPRegen 0.11/turn

%: roll
@: glowing
A: large, rugged brown scales 3, deformed body, armoured tail, roll, long
tongue, awkward tongue
a: Renounce Religion, Divine Shield, Cleansing Flame


You were on level 6 of the Dungeon.
You worshipped the Shining One.
The Shining One was greatly pleased with you.
You visited 1 branch of the dungeon, and saw 6 of its levels.
You also visited: Ossuary.

You collected 275 gold pieces.

Inventory:

Hand Weapons
 a - a +3 heavy war axe (weapon)
Missiles
 w - a throwing net (quivered)
Armour
 b - a +0 scale mail (worn)
 c - a +1 buckler
 m - a +2 helmet (worn)
 x - a +2 kite shield (worn)
Jewellery
 k - an amulet of guardian spirit
 n - a ring of protection from cold
 o - a ring of ice
 p - a ring of positive energy
 s - a ring of protection from fire
 y - a +4 ring of protection
Wands
 u - a wand of digging (2)
 B - a wand of roots (11)
Scrolls
 f - a scroll of vulnerability
 v - 2 scrolls of teleportation
 z - a scroll of noise {unknown}
 C - a scroll of identify
Potions
 d - a potion of might
 e - 5 potions of brilliance
 g - a potion of cancellation {unknown}
 h - 2 potions of attraction {unknown}
 i - 4 potions of degeneration {unknown}
 j - 7 potions of curing {unknown}
 l - a potion of heal wounds {unknown}
 q - 2 potions of flight {unknown}
 r - 3 potions of mutation {unknown}
 t - a potion of lignification {unknown}
 A - a potion of haste {unknown}


   Skills:
 * Level 4.7 Fighting
 * Level 6.9 Axes
 * Level 7.0 Armour
 * Level 5.4 Shields
 * Level 1.4 Invocations


You had 7 spell levels left.
You didn't know any spells.
Your spell library contained the following spells:

 Spells                   Type           Power      Damage    Failure   Level
 Call Canine Familiar     Summ           0%         N/A       99%         3
 Inner Flame              Hex/Fire       0%         N/A       99%         3
 Portal Projectile        Hex/Tloc       0%         N/A       99%         3
 Flame Wave               Conj/Fire      0%         2d4       100%        4
 Leda's Liquefaction      Hex/Erth       0%         N/A       100%        4
 Sticky Flame             Conj/Fire      0%         2d3       100%        4


Dungeon Overview and Level Annotations

Branches:
Dungeon (6/15)             Temple (0/1) D:5         Ossuary (visited)

Altars:
Qazlal
Wu Jian
Xom
Zin
The Shining One

Shops:
D:2 !   D:4 ?   D:6 *

Annotations:
D:3 3 runed translucent doors, GigaChad's ghost, amateur FoFi


Innate Abilities, Weirdness & Mutations

You are completely covered in rugged brown scales. (AC +3, +7% HP)
Armour fits poorly on your strangely shaped body.
You have a long armoured tail.
You roll when moving toward enemies. (Rampage)
Your long tongue fully drains potion bottles. (2x potion effects)
Your tongue gives you trouble enunciating. (1.5x scroll delay)


Message History

You hit the slime creature.
The slime creature is moderately wounded.
The slime creature hits you.
Two slime creatures merge to form a large slime creature.
You slash the large slime creature!
The large slime creature is moderately wounded.
The large slime creature hits you!!
You block the large slime creature's attack.
You are too injured to fight recklessly!
Unknown command.
You are too injured to fight recklessly!
Unknown command.
You are too injured to fight recklessly!
You hit the large slime creature. You tail-slap the large slime creature!
The large slime creature is moderately wounded.
You block the large slime creature's attack.
The large slime creature hits you!
* * * LOW HITPOINT WARNING * * *
Unknown command.
Unknown command.
You slash the large slime creature! You tail-slap the large slime creature.
The large slime creature is heavily wounded.
The large slime creature hits you.
* * * LOW HITPOINT WARNING * * *
Unknown command.
You slice the large slime creature!!
The large slime creature is severely wounded.
The large slime creature hits you! The Shining One protects you from harm!
You block the large slime creature's attack.
Unknown command.
You hit the large slime creature. You tail-slap the large slime creature.
The large slime creature is severely wounded.
The large slime creature barely misses you.
You block the large slime creature's attack.
Unknown command.
You slice the large slime creature!!
The large slime creature is almost dead.
The large slime creature hits you!
You die...

..#'#.....###.....##
######
[.........##.......#
#.....
...#....<.##.......#
#.....
...#......##.......#
#.....
...#..##..##.......#
#.....
...#..#########....#
#..##. ...#...
##..'....# ####+##'
...#...+ #.########
#....... ...#..##
##...)@J## #.......
#######J# #.......
.PJ.J..JJ# ##.#####
.÷.P..÷..# ###.#####
..JPJ..P.# #........
.PJ......# #........
...P÷.÷÷.# #........
$......P.# #........
########## #..###..#


You could see a large slime creature, a jelly and an endoplasm.

Vanquished Creatures
  An ogre (D:4)
  2 phantoms
  An elf zombie (Ossuary)
  4 kobold brigands (D:6)
  3 scorpions (D:5)
  A gnoll sergeant (D:5)
  A hound (D:4)
  3 jellies
  2 centaur zombies (Ossuary)
  2 human zombies (Ossuary)
  A gnoll bouda (D:6)
  3 iguanas (D:5)
  Jessica (D:2)
  Terence (D:2)
  5 orc wizards
  2 mummies (Ossuary)
  6 gnolls
  12 adders
  A shadow imp (D:6)
  2 white imps
  4 adder zombies (Ossuary)
  4 worms
  6 dart slugs
  14 orcs
  9 endoplasms
  A giant cockroach (D:4)
  9 goblins
  9 hobgoblins
  3 jackals (D:1)
  5 quokkas
  4 ball pythons
  4 bats
  3 frilled lizards
  2 goblin zombies (Ossuary)
  9 hobgoblin zombies (Ossuary)
  8 kobolds
  10 kobold zombies (Ossuary)
  7 orc zombies (Ossuary)
  6 rats
171 creatures vanquished.

Notes
Turn   | Place    | Note
-------+----------+-------------------------------------------
     0 | D:1      | GigaChad the Armataur Fighter began the quest for the Orb.
     0 | D:1      | Reached XP level 1. HP: 19/19 MP: 1/1
    68 | D:1      | Reached XP level 2. HP: 26/26 MP: 2/2
   262 | D:1      | Reached skill level 4 in Armour
   425 | D:1      | Reached XP level 3. HP: 29/33 MP: 3/3
   762 | D:1      | You fall into a shaft and drop 1 floor!
   950 | D:2      | Noticed Jessica
   959 | D:2      | Killed Jessica
   960 | D:2      | Reached XP level 4. HP: 40/40 MP: 4/4
  1131 | D:2      | Noticed Terence
  1144 | D:2      | Killed Terence
  1296 | D:2      | Found Sulale's Distillery.
  1384 | D:3      | Reached XP level 5. HP: 45/48 MP: 5/5
  1487 | D:3      | Found a runed translucent gate.
  1488 | D:3      | Found a runed translucent gate.
  1489 | D:3      | Found a runed translucent gate.
  1489 | D:3      | Noticed GigaChad's ghost (amateur FoFi)
  1538 | D:3      | Identified the +5 mace "Zeskub" {pain, Str+3}
  1538 | D:3      | Identified the +0 leather armour "Siederphy" {Regen+ rCorr
                  | Int-4}
  1731 | D:3      | Found a glowing golden altar of the Shining One.
  1747 | D:3      | Became a worshipper of the Shining One
  1836 | D:3      | Found an ornate altar of the Wu Jian Council.
  2144 | D:4      | Found Buifraa's Magic Scroll Shop.
  2152 | D:4      | Reached XP level 6. HP: 53/54 MP: 6/6
  2153 | D:4      | Reached skill level 5 in Armour
  2919 | D:5      | Entered Level 5 of the Dungeon
  2924 | D:5      | Reached XP level 7. HP: 62/62 MP: 7/7
  3026 | D:5      | Found a stormy altar of Qazlal.
  3095 | D:5      | Found a shimmering altar of Xom.
  3299 | D:5      | Reached skill level 5 in Axes
  3465 | D:5      | Reached skill level 6 in Armour
  3669 | D:5      | Found a staircase to the Ecumenical Temple.
  4133 | D:6      | Reached XP level 8. HP: 70/70 MP: 8/8
  4200 | D:6      | Found Zin's Purification Station.
  4217 | D:6      | Found a glowing silver altar of Zin.
  4220 | D:6      | Reached * piety under the Shining One
  4221 | D:6      | Reached skill level 5 in Shields
  4254 | D:6      | Found a sand-covered staircase.
  4259 | Ossuary  | Entered an ossuary
  4288 | Ossuary  | Reached ** piety under the Shining One
  4337 | Ossuary  | Reached *** piety under the Shining One
  4378 | Ossuary  | Reached **** piety under the Shining One
  4499 | D:6      | Reached skill level 1 in Invocations
  4685 | D:6      | Reached skill level 7 in Armour
  4699 | D:6      | Noticed a slime creature
  4699 | D:6      | Noticed a slime creature
  4708 | D:6      | The Shining One protects you from harm!
  4710 | D:6      | Slain by a large slime creature

Illustrated notes

Levels and vault maps discovered:
D:1:      shiori_arrival_oz, layout_basic, chequers_ecumenical_altar_simple,
          minmay_pentomino_s4
D:2:      layout_basic, serial_shops, nicolae_shop_industrial_runoff,
          uniq_jessica, uniq_terence
D:3:      layout_basic, lemuel_crystal_altar, lemuel_round_altar,
          biasface_ghost_orc_armoury, palyth_stone_intersect
D:4:      layout_rooms, serial_glass, glass_columns_a, glass_columns_a,
          glass_columns_a, glass_columns_b, glass_columns_b, glass_columns_b,
          serial_shops, shop_statue
D:5:      layout_loops_ring, mainiacjoe_overflow_alcove_2,
          mainiacjoe_overflow_small_starburst, minmay_temple_entry_fiery,
          st_stairs_8
D:6:      cheibrodos_fertilizer, layout_gridville, zin_purify,
          nicolae_ossuary_entry_plus, minmay_unpleasant_kobolds

Skill      XL: |  1  2  3  4  5  6  7  8 |
---------------+-------------------------+-----
Armour         | 4 5 6 7 |  7.0
Fighting       | 3 4 |  4.7
Axes           | 2 3 4 5 6 |  6.9
Shields        | 4 5 |  5.4
Invocations    | 1 |  1.4

Action                     |  1- 3 |  4- 6 |  7- 9 || total
---------------------------+-------+-------+-------++-------
  Melee: War axe           |   100 |   168 |   123 ||   391
         Tailslap          |     9 |    20 |    19 ||    48
    Use: Scroll            |       |     9 |     2 ||    11
 Armour: Scale mail        |    72 |   101 |    71 ||   244
  Dodge: Dodged            |    27 |    49 |    44 ||   120
  Block: Buckler           |    23 |    42 |       ||    65
         Kite shield       |       |     2 |    57 ||    59
